 Dungeon Crawl Stone Soup version 0.18-a0-1180-g64ccc1e (webtiles) character file.

1904 koboldina the Merchant of Misery (level 8, -11/31 HPs)
             Began as a Felid Necromancer on Jan 27, 2016.
             Was a Believer of Kikubaaqudgha.
             Killed from afar by an ice statue (42 damage)
             ... with a bolt of cold
             ... in an ice cave.
             The game lasted 01:16:44 (16700 turns).

koboldina the Merchant of Misery (FeNe)            Turns: 16700, Time: 01:16:44

Health: -11/31     AC:  2    Str:  4    XL:     8   Next: 94%
Magic:  19/19      EV: 18    Int: 22    God:    Kikubaaqudgha [**....]
Gold:   479        SH:  0    Dex: 17    Spells: 7 memorised, 0 levels left
                                        Lives:  0   Deaths: 3

rFire  . . .     SeeInvis +     (weapon unavailable)
rCold  . . .     Gourm    .     (armour unavailable)
rNeg   . . .     Faith    .     (shield unavailable)
rPois  .         Spirit   .     (helmet unavailable)
rElec  .         Dismiss  .     (cloak unavailable)
rCorr  .         Reflect  .     (gloves unavailable)
SustAt .         Harm     +     (boots unavailable)
MR     ++...     Rnd*Rage +     p - amulet of harm
Stlth  +++.......               c - +2 ring of intelligence (curse)
                                m - ring of protection from magic

@: quick, very resistant to hostile enchantments, fairly stealthy
A: no armour, no weapons or thrown items, claws 1, fangs 3, see invisible,
berserk 1, carnivore 3, speed 1, low mp 1, shaggy fur 2, slow metabolism 1,
sharp paws
a: Receive Corpses, Renounce Religion


You were in an ice cave.
You worshipped Kikubaaqudgha.
Kikubaaqudgha was pleased with you.
You were not hungry.

You visited 2 branches of the dungeon, and saw 12 of its levels.
You also visited: Ice Cave.

You collected 479 gold pieces.

Inventory:

Jewellery
 c - a cursed +2 ring of intelligence (right paw)
 m - a ring of protection from magic (left paw)
 p - an amulet of harm (around neck)
 r - an uncursed ring of fire
 u - an uncursed ring of flight
Wands
 d - a wand of fireball (0/15)
 j - a wand of slowing (14/48)
 o - a wand of lightning (0/15)
 w - a wand of disintegration (4/24)
 B - a wand of digging (4/24)
Scrolls
 h - a scroll of recharging
 k - 4 scrolls of remove curse
 s - 2 scrolls of magic mapping
 z - 2 scrolls of identify
 A - a scroll of teleportation
Potions
 f - 2 potions of agility
 n - a potion of brilliance
 v - a potion of cancellation
Books
 a - a book of Necromancy

   Spells                             Type                      Level
   a - Pain                           Necromancy                   1
   b - Animate Skeleton               Necromancy                   1
   c - Vampiric Draining              Necromancy                   3
   d - Regeneration                   Charms/Necromancy            3
   e - Animate Dead                   Necromancy                   4
   f - Control Undead                 Necromancy                   4
 q - a book of Summonings

   Spells                             Type                      Level
   a - Recall                         Summoning/Translocation      3
   b - Aura of Abjuration             Summoning                    5
   c - Summon Demon                   Summoning                    5
   d - Summon Forest                  Summoning/Translocation      5
   e - Summon Mana Viper              Hexes/Summoning              5
   f - Shadow Creatures               Summoning                    6
 x - Sif Muna's Handbook of Translocation
   (You found it on level 8 of the Dungeon)

   Spells                             Type                      Level
   a - Apportation                    Translocation                1
 y - Kikubaaqudgha's Compendium of Sinister Magic
   (Kikubaaqudgha gifted it to you on level 10 of the Dungeon)

   Spells                             Type                      Level
   a - Animate Skeleton               Necromancy                   1
   b - Corpse Rot                     Necromancy                   2
   c - Sublimation of Blood           Necromancy                   2
   d - Regeneration                   Charms/Necromancy            3
   e - Control Undead                 Necromancy                   4
Comestibles
 b - 4 meat rations
 g - a royal jelly
 i - a beef jerky
 l - 10 slices of pizza


   Skills:
 - Level 2.6 Dodging
 - Level 2.6 Stealth
 - Level 8.5 Spellcasting
 - Level 1.3 Conjurations
 + Level 9.7 Summonings
 - Level 9.8 Necromancy


You couldn't memorise any spells.
You knew the following spells:

 Your Spells              Type           Power        Failure   Level  Hunger
a - Pain                  Necr           ####         1%          1    None
b - Animate Dead          Necr           N/A          1%          4    ###....
c - Vampiric Draining     Necr           ######....   1%          3    None
d - Control Undead        Necr           ######....   1%          4    ###....
e - Magic Dart            Conj           ###.         6%          1    None
f - Shadow Creatures      Summ           N/A          24%         6    ######.
g - Summon Demon          Summ           ######....   4%          5    #####..


Dungeon Overview and Level Annotations

Branches:
Dungeon (11/15)            Temple (1/1) D:6             Orc (0/2) D:10
   Lair: D:8-11

Altars:
Ashenzari
Cheibriados
Dithmenos
Elyvilon
Gozag
Kikubaaqudgha
Makhleb
Nemelex Xobeh
Okawaru
Pakellas
Ru
Sif Muna
Vehumet
Xom
Yredelemnul
Zin
The Shining One

Shops:
D:5 (   D:10 =

Annotations:
D:4 Phlounder's ghost, amateur HEWn
D:5 Duvessa
D:10 Maud IceCv exclusion: 2 ice statues


Innate Abilities, Weirdness & Mutations

You cannot wear armour.
You are incapable of wielding weapons or throwing items.
You have sharp claws.
You have razor-sharp teeth.
You have supernaturally acute eyesight.
You are carnivorous and can eat meat at any time.
You cover ground quickly.
You are covered in thick fur (AC +2).
You have a slow metabolism.
Your sharp claws are effective at attacking unaware monsters.
You tend to lose your temper in combat.
Your magical capacity is low (-10% MP).


Message History

The white imp is lightly wounded.
Your orange demon stings the white imp!
The white imp dies!
Kikubaaqudgha accepts your kill.
There is an ice covered gate leading back out of this place, spattered with blood here.
You start resting.
You feel a little less agile now.
You start resting.
Magic restored.
You start resting.
HP restored.
There is an ice choked empty arch of ancient stone here.
Marking area around the ice statue as unsafe for travelling.
Marking area around the ice statue as unsafe for travelling. 2 ice statues come into view.
The ice statue throws cold at you. The bolt of cold hits you!
Ouch! That really hurt!
You die...
Kikubaaqudgha rasps: "You have failed me!
Welcome... death!"

... ##..## ##....#
##.....# #......8 ####
#......## ######..##
#.......### ##..##....#
#.....@...###..........
#..........4#.......∩.∩.
#........##....##.......
#.......####..#####....#
##......8 #### ##..##
##.#.### #### ####


You could see 2 ice statues and a friendly orange demon.

Vanquished Creatures
  Pikel (D:5)
  A hill giant (D:10)
  A two-headed ogre (D:10)
  A wyvern (D:10)
  A steam dragon (D:9)
  4 hippogriffs
  A water moccasin (D:10)
  2 orc warriors
  2 black bears
  5 ice beasts
  An ogre (D:10)
  4 centaurs
  A big kobold (D:10)
  6 giant frogs
  A wyvern zombie (D:10)
  Dowan (D:5)
  4 scorpions
  2 jellies
  3 crimson imps
  A quasit (D:9)
  3 giant frog zombies
  7 hounds
  2 orc priests
  An iguana (D:3)
  Natasha (D:3)
  6 orc wizards
  7 worker ants
  A hound skeleton (D:10)
  6 gnolls
  3 river rats (D:3)
  10 adders
  A shadow imp (D:10)
  13 white imps
  2 ufetubi (IceCv)
  An ooze (D:1)
  2 adder zombies
  A worm (D:3)
  9 giant geckos
  15 orcs
  7 bats
  5 giant cockroaches
  9 goblins
  8 hobgoblins
  5 jackals
  9 kobolds
  3 quokkas
  5 ball pythons
  A giant gecko zombie (D:8)
  2 giant newts
  A quokka zombie (D:8)
  9 rats
198 creatures vanquished.

Vanquished Creatures (collateral kills)
  A centaur skeleton (D:11)
  A yak (D:10)
  A hippogriff (D:9)
  A mottled dragon (D:10)
  3 orc warriors (D:10)
  A necrophage (D:6)
  A gnoll sergeant (D:9)
  4 wights (D:9)
  A giant frog zombie (D:5)
  3 orc priests (D:10)
  A shadow imp (D:6)
  3 white imps (IceCv)
  5 ufetubi (IceCv)
  An adder zombie (D:3)
  An ooze (D:2)
  An adder skeleton (D:7)
  A worm (D:4)
  8 orcs
  2 giant gecko zombies (D:6)
  A kobold (D:5)
  A quokka zombie (D:5)
42 creatures vanquished.

Vanquished Creatures (others)
  A centaur zombie (D:10)
  2 slaves (D:5)
  Natasha (twice) (D:5)
  A giant frog zombie (D:5)
  4 orc wizards (D:5)
  An ufetubus (IceCv)
  An adder skeleton (D:5)
  An orc (D:5)
  A giant cockroach (D:5)
14 creatures vanquished.

Grand Total: 254 creatures vanquished

Notes
Turn   | Place    | Note
--------------------------------------------------------------
     0 | D:1      | koboldina the Felid Necromancer began the quest for the Orb.
     0 | D:1      | Reached XP level 1. HP: 7/7 MP: 4/4
   498 | D:1      | Reached XP level 2. HP: 11/11 MP: 4/6
   531 | D:1      | Learned a level 1 spell: Animate Skeleton
   841 | D:1      | Found a shattered altar of Ashenzari.
  1585 | D:1      | Reached XP level 3. HP: 11/14 MP: 4/8
  1681 | D:1      | Learned a level 3 spell: Vampiric Draining
  3154 | D:3      | Reached XP level 4. HP: 18/18 MP: 7/9
  3181 | D:3      | Reached skill level 5 in Necromancy
  3186 | D:3      | Slain by a river rat
  3187 | D:3      | Reached XP level 3. HP: -2/14 MP: 0/8
  3320 | D:3      | Found a sparkling altar of Nemelex Xobeh.
  3343 | D:3      | Noticed Natasha
  3354 | D:3      | Killed Natasha
  3704 | D:3      | Noticed Natasha
  3723 | D:3      | Reached XP level 4. HP: 14/18 MP: 5/10
  4016 | D:4      | Noticed Phlounder's ghost (amateur HEWn)
  4093 | D:4      | Found an iron altar of Okawaru.
  4310 | D:4      | Reached XP level 5. HP: 16/21 MP: 4/11
  4710 | D:3      | Learned a level 4 spell: Animate Dead
  5553 | D:5      | Entered Level 5 of the Dungeon
  5699 | D:5      | Learned a level 4 spell: Control Undead
  5739 | D:5      | Noticed an angel
  5740 | D:5      | Found a glowing silver altar of Zin.
  5820 | D:5      | Noticed Pikel
  5820 | D:5      | Noticed a slave
  5820 | D:5      | Noticed a slave
  5820 | D:5      | Noticed a slave
  5867 | D:5      | Killed Pikel
  5867 | D:5      | Reached skill level 5 in Spellcasting
  5867 | D:5      | Reached skill level 7 in Necromancy
  5867 | D:5      | Gained mutation: You are covered in thick fur (AC +2). [Felid growth]
  5867 | D:5      | Reached XP level 6. HP: 17/24 MP: 6/15
  5867 | D:5      | Reached XP level 7. HP: 19/27 MP: 6/16
  6210 | D:5      | Noticed Duvessa
  6210 | D:5      | Noticed Dowan
  6236 | D:5      | Killed Dowan
  6249 | D:5      | Killed Natasha
  6566 | D:5      | Killed Natasha
  6584 | D:5      | Gained mutation: Your magical capacity is low (-10% MP). [potion of mutation]
  6584 | D:5      | Gained mutation: You tend to lose your temper in combat. [potion of mutation]
  6920 | D:5      | Found Akhlo's Weapon Shop.
  7133 | D:6      | Reached XP level 8. HP: 22/31 MP: 7/16
  7286 | D:6      | Reached skill level 8 in Necromancy
  7415 | D:6      | Found a staircase to the Ecumenical Temple.
  7587 | Temple   | Entered the Ecumenical Temple
  8052 | D:6      | Found a sparkling altar of Nemelex Xobeh.
  8053 | D:6      | Found an opulent altar of Gozag.
  8158 | D:6      | Found a basalt altar of Yredelemnul.
  8225 | D:6      | Found a white marble altar of Elyvilon.
  9139 | D:7      | Reached skill level 9 in Necromancy
 10590 | D:7      | Reached XP level 9. HP: 17/34 MP: 5/19
 11225 | D:8      | Found a burning altar of Makhleb.
 11417 | D:8      | Found a shimmering altar of Xom.
 11866 | D:8      | Found an ancient bone altar of Kikubaaqudgha.
 11868 | D:8      | Found a deep blue altar of Sif Muna.
 11868 | D:8      | Found a radiant altar of Vehumet.
 11873 | D:8      | Identified Kikubaaqudgha's Almanac of the Carpenter
 11875 | D:8      | Became a worshipper of Kikubaaqudgha
 11884 | D:8      | Identified Vehumet's Incunabulum of Conjuration
 11893 | D:8      | Identified Sif Muna's Handbook of Translocation
 11896 | D:8      | Learned a level 1 spell: Magic Dart
 11903 | D:8      | Learned a level 6 spell: Shadow Creatures
 12124 | D:9      | Reached skill level 1 in Summonings
 12271 | D:9      | Reached skill level 1 in Conjurations
 12473 | D:9      | Noticed a centaur warrior
 12482 | D:10     | Entered Level 10 of the Dungeon
 12901 | D:10     | Found Imoacuf's Jewellery Boutique.
 12960 | D:10     | Reached skill level 5 in Summonings
 13302 | D:10     | Noticed a hill giant
 13428 | D:10     | Killed a hill giant
 13547 | D:10     | Noticed a gargoyle
 13572 | D:10     | Noticed Maud
 13602 | D:10     | Reached XP level 10. HP: 37/37 MP: 6/21
 14438 | D:10     | Reached * piety under Kikubaaqudgha
 14438 | D:10     | Received a gift from Kikubaaqudgha
 14441 | D:10     | Identified Kikubaaqudgha's Compendium of Sinister Magic (Kikubaaqudgha gifted it to you on level 10 of the Dungeon)
 14448 | D:10     | Learned a level 5 spell: Summon Demon
 14954 | D:10     | Found a staircase to the Orcish Mines.
 15091 | D:10     | Noticed a soul eater
 15113 | D:10     | Killed from afar by a soul eater
 15114 | D:10     | Reached XP level 9. HP: -6/34 MP: 9/20
 15607 | D:10     | Noticed an ice devil
 16090 | D:9      | Reached ** piety under Kikubaaqudgha
 16322 | D:11     | Found a frozen archway.
 16331 | D:11     | Killed from afar by a white imp
 16332 | D:11     | Reached XP level 8. HP: 0/46 MP: 16/19
 16494 | IceCv    | Entered an ice cave
 16700 | IceCv    | Noticed an ice statue
 16700 | IceCv    | Noticed an ice statue
 16700 | IceCv    | Killed from afar by an ice statue

Vault maps used:
D:1:      dpeg_arrival_stone_temple_mockup, ashenzari_altar_1
D:2:      serial_curves, eino_curves_03, eino_curves_03
D:3:      gup_sewer_entry_bubbles, first_bread, nemelex_spade_bored_becter,
          uniq_natasha
D:4:      nicolae_qazlal_style_of_elements, okawaru_trees_2
D:5:      zin_angel, serial_shops, shop, uniq_pikel, uniq_duvessa
D:6:      grunt_temple_overflow_opulence, kennysheep_ying_yang,
          minmay_temple_entry_crystal_x
D:7:      serial_bayou_pond_c
D:8:      grunt_temple_overflow_champion_of_chaos,
          grunt_temple_overflow_magic_moments
D:9:      minitemple, grunt_pizzeria
D:10:     david_orc_4, serial_shops, shop, minmay_misc_feat_columns,
          minmay_diamond_spiral, uniq_maud
D:11:     dpeg_oklobed_lair, portal_ice_cave_entry_imps, serial_shops,
          shop_fountains
Temple:   circular_temple_6
IceCv:    ice_cave_small_demon

Action                   |  1- 3 |  4- 6 |  7- 9 | 10-12 || total
-------------------------+-------+-------+-------+-------++-------
Melee: Unarmed           |       |    10 |    72 |    18 ||   100
 Cast: Pain              |    92 |    89 |   244 |    67 ||   492
       Animate Skeleton  |    16 |     7 |       |       ||    23
       Vampiric Draining |       |     6 |    49 |    11 ||    66
       Animate Dead      |       |     2 |    21 |     4 ||    27
       Control Undead    |       |       |    17 |       ||    17
       Magic Dart        |       |       |    63 |     9 ||    72
       Summon Demon      |       |       |    14 |     4 ||    18
       Shadow Creatures  |       |       |     3 |       ||     3
Evoke: Wand              |       |       |    20 |     3 ||    23
  Use: Scroll            |     9 |     3 |    17 |       ||    29
       Potion            |     3 |       |    14 |     1 ||    18
 Stab: Sleeping          |       |     2 |     6 |       ||     8
  Eat: Chunk             |    18 |     5 |    23 |     9 ||    55
